[Event "10th Cesme Open-A 2024"]
[Site "Cesme"]
[Date "2024.06.30"]
[Round "9"]
[White "Maruflu, Enes Yusuf"]
[Black "Ince, Taylan Ruzgar"]
[Result "1/2-1/2"]
[ECO "C13"]
[WhiteElo "2141"]
[BlackElo "2243"]
[Annotator "RC"]
[PlyCount "52"]
[EventDate "2024.06.23"]
[EventType "swiss"]
[EventCountry "TUR"]
[SourceTitle "playchess.com"]
[Source "ChessBase"]
[SourceQuality "1"]
[TimeControl "5400+30"]

1. e4 e6 2. d4 d5 3. Nc3 Nf6 4. Bg5 dxe4 5. Nxe4 Nbd7 6. Nf3 h6 7. Bh4 Be7 8. Nxf6+ Bxf6 9. Bxf6 Nxf6 10. Bd3 b6 11. Ne5 Bb7 12. Bb5+ Kf8 13. Qd2 Bxg2 14. Rg1 Be4 15. O-O-O a6 16. Be2 g6 17. Qf4 Bf5 18. h4 h5 19. d5 exd5 20. Bd3 Bxd3 21. Rxd3 Qd6 22. Rxd5 Qxd5 23. Qxf6 Rg8 24. Rd1 Qe6 25. Nd7+ Ke8 26. Qg5 Qxd7 1/2-1/2

[Event "10th Cesme Open-A 2024"]
[Site "Cesme"]
[Date "2024.06.30"]
[Round "9"]
[White "Zeynalli, Rashad"]
[Black "Ebrahimi Rashti, Asal"]
[Result "1-0"]
[ECO "A47"]
[WhiteElo "2127"]
[BlackElo "2001"]
[Annotator "RC"]
[PlyCount "57"]
[EventDate "2024.06.23"]
[EventType "swiss"]
[EventCountry "TUR"]
[SourceTitle "playchess.com"]
[Source "ChessBase"]
[SourceQuality "1"]
[TimeControl "5400+30"]

1. d4 Nf6 2. Bf4 e6 3. e3 c5 4. Nf3 cxd4 5. exd4 b6 6. Bd3 Bb7 7. O-O Be7 8. h3 O-O 9. Nbd2 d6 10. c3 Nbd7 11. Re1 Qc7 12. Ng5 h6 13. Nge4 Rad8 14. Rc1 Nxe4 15. Nxe4 e5 16. Bd2 f5 17. Ng3 e4 18. Qh5 Qc6 19. Nxf5 Rxf5 20. Qxf5 Nf6 21. Qe6+ Kf8 22. Bc4 Qe8 23. Bf1 d5 24. c4 Qg6 25. a3 Bc8 26. Qe5 Bxh3 27. cxd5 a5 28. Rc6 Bd7 29. d6 1-0

[Event "10th Cesme Open-A 2024"]
[Site "Cesme"]
[Date "2024.06.30"]
[Round "9"]
[White "Isgenderova, Hayale"]
[Black "Kusluvan, Yekaterina"]
[Result "1-0"]
[ECO "C43"]
[WhiteElo "2103"]
[BlackElo "2016"]
[Annotator "RC"]
[PlyCount "105"]
[EventDate "2024.06.23"]
[EventType "swiss"]
[EventCountry "TUR"]
[SourceTitle "playchess.com"]
[Source "ChessBase"]
[SourceQuality "1"]
[TimeControl "5400+30"]

1. e4 e5 2. Nf3 Nf6 3. d4 Nxe4 4. Bd3 d5 5. Nxe5 Bd6 6. Nc3 Nxc3 7. bxc3 Be6 8. Rb1 Qc8 9. O-O O-O 10. Qh5 f5 11. Re1 Nd7 12. Nxd7 Bxd7 13. c4 c6 14. c5 Bc7 15. Bg5 b5 16. Re3 g6 17. Qh4 Rf7 18. Rbe1 Bd8 19. g4 fxg4 20. Be7 Bf5 21. Bxf5 gxf5 22. Qg5+ Rg7 23. Qh6 Qd7 24. Bxd8 Rxd8 25. Re6 Rf8 26. Rxc6 f4 27. Qe6+ Qxe6 28. Rcxe6 g3 29. fxg3 fxg3 30. Re8 gxh2+ 31. Kxh2 Rg4 32. c3 Rxe8 33. Rxe8+ Kf7 34. Re5 b4 35. cxb4 Rxd4 36. b5 Rb4 37. a4 Rxa4 38. Rxd5 Rb4 39. c6 Rc4 40. Rd7+ Ke6 41. Rxa7 Kd6 42. Rxh7 Kc5 43. Rb7 Kd6 44. Kg3 Rc1 45. Kf3 Rc2 46. Ke4 Rc1 47. Kd4 Rc2 48. Rh7 Rc1 49. Rb7 Rc2 50. Ke4 Rc1 51. Kf5 Rc2 52. Kf6 Rf2+ 53. Kg7 1-0

[Event "10th Cesme Open-A 2024"]
[Site "Cesme"]
[Date "2024.06.30"]
[Round "9"]
[White "Anacak, Hasan Gunes"]
[Black "Demirbag, Alihan"]
[Result "1/2-1/2"]
[ECO "B42"]
[WhiteElo "2095"]
[BlackElo "2055"]
[Annotator "NA RC"]
[PlyCount "73"]
[EventDate "2024.06.23"]
[EventType "swiss"]
[EventCountry "TUR"]
[SourceTitle "playchess.com"]
[Source "ChessBase"]
[SourceQuality "1"]
[TimeControl "5400+30"]

1. e4 c5 2. Nf3 e6 3. d4 cxd4 4. Nxd4 a6 5. Bd3 Bc5 6. Nb3 Ba7 7. Qe2 Ne7 8. Be3 O-O 9. Nc3 b5 10. O-O Nbc6 11. Bxa7 Rxa7 12. f4 d6 13. a4 b4 14. Nb1 Na5 15. N1d2 Nxb3 16. Nxb3 a5 17. Kh1 Ng6 18. Nd4 Bd7 19. f5 Ne5 20. f6 gxf6 21. Qh5 Kh8 22. Rf4 Rg8 23. Raf1 Rg6 24. Nf3 Bxa4 25. Nxe5 dxe5 26. Rxf6 Kg8 27. Qxe5 Be8 28. Qh5 Bc6 29. Qc5 Rxf6 30. Qg5+ Kf8 31. Rxf6 Qd4 32. Qf4 Kg7 33. Qg5+ Kf8 34. Qf4 Be8 35. Qg5 Bc6 36. Qf4 b3 37. Rxe6 1/2-1/2

[Event "10th Cesme Open-A 2024"]
[Site "Cesme"]
[Date "2024.06.30"]
[Round "9"]
[White "Portakalci, Yusuf"]
[Black "Kurt, Ozgur Toprak"]
[Result "1/2-1/2"]
[ECO "D02"]
[WhiteElo "2034"]
[BlackElo "2124"]
[Annotator "RC"]
[PlyCount "53"]
[EventDate "2024.06.23"]
[EventType "swiss"]
[EventCountry "TUR"]
[SourceTitle "playchess.com"]
[Source "ChessBase"]
[SourceQuality "1"]
[TimeControl "5400+30"]

1. d4 d5 2. Nf3 Nf6 3. Bf4 c5 4. c3 Nc6 5. e3 Qb6 6. Qb3 c4 7. Qc2 Bf5 8. Qc1 h6 9. h3 e6 10. Nbd2 Be7 11. Be2 O-O 12. O-O Rfc8 13. Re1 Qa5 14. Ne5 b5 15. a3 Qd8 16. Bf3 Na5 17. Bd1 Nd7 18. e4 dxe4 19. Nxe4 Nxe5 20. Bxe5 Nb3 21. Bxb3 cxb3 22. Qd1 Qd5 23. Nd2 Bc2 24. Qg4 Bg6 25. Qd1 Bc2 26. Qg4 Bg6 27. Qd1 1/2-1/2

[Event "10th Cesme Open-A 2024"]
[Site "Cesme"]
[Date "2024.06.30"]
[Round "9"]
[White "Yildiz, Serdar Murat"]
[Black "Jafarli, Babak"]
[Result "1/2-1/2"]
[ECO "B38"]
[WhiteElo "2026"]
[BlackElo "2192"]
[Annotator "RC"]
[PlyCount "87"]
[EventDate "2024.06.23"]
[EventType "swiss"]
[EventCountry "TUR"]
[SourceTitle "playchess.com"]
[Source "ChessBase"]
[SourceQuality "1"]
[TimeControl "5400+30"]

1. e4 c5 2. Nf3 Nc6 3. d4 cxd4 4. Nxd4 g6 5. c4 Bg7 6. Be3 Nf6 7. Nc3 O-O 8. Be2 Nxd4 9. Bxd4 d6 10. O-O Be6 11. Qd2 Qa5 12. Rad1 Rfc8 13. b3 a6 14. f4 Qd8 15. f5 Bd7 16. g4 Bc6 17. Rf2 Qa5 18. Qf4 h6 19. h4 gxf5 20. b4 Qxb4 21. exf5 Nh7 22. Bxg7 Kxg7 23. Rd3 f6 24. Re3 Rc7 25. Bf3 Qc5 26. Kh2 Re8 27. Nd5 Bxd5 28. Bxd5 b5 29. Rg2 bxc4 30. g5 fxg5 31. hxg5 Qxd5 32. f6+ Kh8 33. f7 Rf8 34. g6 Ng5 35. Rxe7 Kg7 36. Rxc7 Nf3+ 37. Kg3 Ne5 38. Rf2 Qe6 39. Qf5 Qxg6+ 40. Qxg6+ Kxg6 41. Rd2 Kf5 42. Rxd6 Nxf7 43. Rd5+ Ke4 44. Rdc5 1/2-1/2

[Event "10th Cesme Open-A 2024"]
[Site "Cesme"]
[Date "2024.06.30"]
[Round "9"]
[White "Pereverzev, Timofei"]
[Black "Topuz, Mirac Melih"]
[Result "0-1"]
[ECO "C63"]
[WhiteElo "2019"]
[BlackElo "2055"]
[Annotator "NA RC"]
[PlyCount "128"]
[EventDate "2024.06.23"]
[EventType "swiss"]
[EventCountry "TUR"]
[SourceTitle "playchess.com"]
[Source "ChessBase"]
[SourceQuality "1"]
[TimeControl "5400+30"]

1. e4 e5 2. Nf3 Nc6 3. Bb5 f5 4. d3 fxe4 5. dxe4 Nf6 6. Qd3 Bc5 7. Qc4 Qe7 8. Nc3 a6 9. Bxc6 dxc6 10. Qe2 O-O 11. Be3 Bd6 12. O-O Bg4 13. Qc4+ Be6 14. Qe2 b5 15. Nd2 Ng4 16. Nd1 Qh4 17. h3 Nf6 18. f3 Nh5 19. Qe1 Qf6 20. Nf2 Qg6 21. Ng4 Nf4 22. Bxf4 Rxf4 23. g3 Rf7 24. Kg2 Raf8 25. Qe2 Rd8 26. a3 Rfd7 27. Rad1 h5 28. Ne3 Bc5 29. Rfe1 Bd4 30. Nb1 Qf7 31. Nc3 a5 32. Rd3 h4 33. g4 Qf4 34. Qf2 Bc4 35. Ne2 Qf6 36. Nxd4 Bxd3 37. Ndf5 Bc4 38. Nxc4 bxc4 39. Re2 g6 40. Ne3 c3 41. bxc3 Qg5 42. Nc4 Rd1 43. Nb2 Rb1 44. Nd3 Rxd3 45. f4 exf4 46. cxd3 f3+ 47. Kxf3 Qf6+ 48. Kg2 Qxc3 49. Qxh4 Qxd3 50. Qf2 Rb3 51. Kg1 Qxh3 52. Qf1 Rg3+ 53. Rg2 Rxg2+ 54. Qxg2 Qxg2+ 55. Kxg2 Kf7 56. Kf3 Ke6 57. Ke3 Ke5 58. g5 a4 59. Kd3 Kf4 60. Kd4 Kxg5 61. Ke5 c5 62. Ke6 c4 63. e5 c3 64. Kf7 c2 0-1

[Event "10th Cesme Open-A 2024"]
[Site "Cesme"]
[Date "2024.06.30"]
[Round "9"]
[White "Demirbas, Emre"]
[Black "Ozkan, Ervin"]
[Result "1-0"]
[ECO "D11"]
[WhiteElo "2012"]
[BlackElo "2147"]
[Annotator "RC"]
[PlyCount "103"]
[EventDate "2024.06.23"]
[EventType "swiss"]
[EventCountry "TUR"]
[SourceTitle "playchess.com"]
[Source "ChessBase"]
[SourceQuality "1"]
[TimeControl "5400+30"]

1. Nf3 d5 2. c4 c6 3. g3 Nf6 4. Bg2 Bf5 5. b3 e6 6. Bb2 Nbd7 7. O-O h6 8. Nc3 Be7 9. d4 O-O 10. Nd2 Qb6 11. e4 dxe4 12. Ndxe4 Nxe4 13. Nxe4 Nf6 14. Nc5 Rfd8 15. Qc1 Nd7 16. Na4 Qa6 17. Rd1 Rac8 18. Qe3 b5 19. cxb5 cxb5 20. Nc3 Qb6 21. Qe2 Bb4 22. Rac1 Qa5 23. Nxb5 Qxa2 24. d5 Rxc1 25. Rxc1 Nf6 26. Nd4 Bd3 27. Qxd3 Qxb2 28. Rb1 Qc3 29. Qxc3 Bxc3 30. Nc6 Rd6 31. Rc1 Bb2 32. Rc2 Nxd5 33. Bxd5 exd5 34. Ne7+ Kh7 35. Rxb2 Rd7 36. Nc6 Rb7 37. b4 Kg6 38. Rd2 f6 39. Rxd5 Rb6 40. Ne7+ Kf7 41. Rd7 Ke6 42. Rxa7 Rxb4 43. Ng6 f5 44. Ra6+ Kf7 45. Ne5+ Kg8 46. Ra8+ Kh7 47. h4 Re4 48. Re8 Ra4 49. h5 f4 50. gxf4 Ra7 51. Ng6 Ra8 52. Nf8+ 1-0

[Event "10th Cesme Open-A 2024"]
[Site "Cesme"]
[Date "2024.06.30"]
[Round "9"]
[White "Nazarian, Arash"]
[Black "Erten, Kerem"]
[Result "0-1"]
[ECO "C02"]
[WhiteElo "2007"]
[BlackElo "2277"]
[Annotator "RC"]
[PlyCount "94"]
[EventDate "2024.06.23"]
[EventType "swiss"]
[EventCountry "TUR"]
[SourceTitle "playchess.com"]
[Source "ChessBase"]
[SourceQuality "1"]
[TimeControl "5400+30"]

1. e4 e6 2. d4 d5 3. e5 c5 4. c3 Nc6 5. Nf3 Qb6 6. a3 c4 7. Nbd2 Na5 8. Rb1 Bd7 9. b3 cxb3 10. Nxb3 Ba4 11. Nfd2 Qc7 12. Qf3 Nxb3 13. Nxb3 Rc8 14. Bd2 f6 15. Bd3 Qf7 16. Qe2 fxe5 17. Qxe5 Nf6 18. O-O Be7 19. Nc1 b6 20. Ne2 O-O 21. Nf4 Bd7 22. a4 Bd8 23. Nh3 Bc7 24. Qe2 h6 25. Rbc1 Bxa4 26. f3 Qd7 27. g4 Rce8 28. Rb1 Bc6 29. Qg2 e5 30. dxe5 Bxe5 31. g5 Nh7 32. gxh6 Kh8 33. hxg7+ Qxg7 34. Qxg7+ Kxg7 35. Rb4 d4 36. cxd4 Bd6 37. Rb2 Bd7 38. Kg2 Kh8 39. Nf2 Bf4 40. Bc3 Rc8 41. Ne4 Ng5 42. d5+ Rxc3 43. Nxc3 Bh3+ 44. Kf2 Be5 45. Rc1 Rxf3+ 46. Ke2 Bg4 47. Rb4 Rf4+ 0-1